 Dungeon Crawl Stone Soup version 0.28-a0-1190-g77e1c55843 (webtiles) character file.

Game seed: 2399297611131515124

30 Gargoyl the Skirmisher (level 3, -9/35 HPs)
             Began as a Gnoll Abyssal Knight on Dec 18, 2021.
             Was a Follower of Lugonu.
             Mangled by Sigmund (21 damage)
             ... on level 2 of the Dungeon.
             The game lasted 00:01:34 (1126 turns).

Gargoyl the Skirmisher (Gnoll Abyssal Knight)       Turns: 1126, Time: 00:01:35

Health: -9/35      AC: 11    Str: 14    XL:     3   Next: 20%
Magic:  6/6        EV:  7    Int:  9    God:    Lugonu [*.....]
Gold:   43         SH:  0    Dex: 12    Spells: 3/3 levels left

rFire   . . .      SeeInvis .   a - +1 hand axe
rCold   . . .      Faith    .   (no shield)
rNeg    + . .      Spirit   .   e - +1 chain mail {rN+}
rPois   .          Reflect  .   d - +0 helmet
rElec   .          Harm     .   (no cloak)
rCorr   .          Rampage  .   (no gloves)
Will    .....                   (no boots)
Stlth   ..........              (no amulet)
HPRegen 0.11/turn               (no ring)
MPRegen 0.10/turn               (no ring)

@: no status effects
A: fangs 1, strong nose, distributed training
a: Renounce Religion, Depart the Abyss


You were on level 2 of the Dungeon.
You worshipped Lugonu.
Lugonu was aware of your devotion.
You visited 1 branch of the dungeon, and saw 2 of its levels.
You visited the Abyss 1 time.

You collected 43 gold pieces.

Inventory:

Hand Weapons
 a - a +1 hand axe (weapon)
Armour
 d - a +0 helmet (worn)
 e - a +1 chain mail of positive energy (worn)
Scrolls
 f - a scroll of enchant armour {unknown}


   Skills:
 + Level 6.5 Fighting
 + Level 0.6 Short Blades
 + Level 0.6 Long Blades
 + Level 4.5 Axes
 + Level 0.6 Maces & Flails
 + Level 0.6 Polearms
 + Level 0.6 Staves
 + Level 0.6 Slings
 + Level 0.6 Bows
 + Level 0.6 Crossbows
 + Level 0.6 Throwing
 + Level 4.5 Armour
 + Level 2.5 Dodging
 + Level 0.6 Stealth
 + Level 0.6 Shields
 + Level 0.6 Unarmed Combat
 + Level 0.6 Spellcasting
 + Level 0.4 Conjurations
 + Level 0.4 Hexes
 + Level 0.4 Summonings
 + Level 0.4 Necromancy
 + Level 0.4 Translocations
 + Level 0.4 Transmutations
 + Level 0.4 Fire Magic
 + Level 0.4 Ice Magic
 + Level 0.4 Air Magic
 + Level 0.4 Earth Magic
 + Level 0.4 Poison Magic
 + Level 4.5 Invocations
 + Level 0.6 Evocations


You had 3 spell levels left.
You didn't know any spells.
Your spell library was empty.

Dungeon Overview and Level Annotations

Branches:
Dungeon (2/15)

Altars:

Annotations:
D:2 Sigmund


Innate Abilities, Weirdness & Mutations

You have very sharp teeth.
Your uncanny sense of smell can sniff out nearby items.
Your experience applies equally to all skills.


Message History

Lugonu accepts your kill.
You hit the bat.
You kill the bat!
Lugonu accepts your kill.
Unknown command.
There is a stone staircase leading down, spattered with blood here.
Unknown command.
f - a scroll labelled TEUCIDAXOU Sigmund the Dreaded comes into view.
He is wielding a +3 scythe of distortion.
Sigmund shouts!
Sigmund hits you but does no damage. Space warps around you!
Sigmund hits you but does no damage.
You slash Sigmund!
Sigmund is moderately wounded.
You completely miss Sigmund.
Sigmund is moderately wounded.
Sigmund hits you with a +3 scythe of distortion.
You barely miss Sigmund. You bite Sigmund, but do no damage.
Sigmund is moderately wounded.
Sigmund hits you but does no damage. Space warps horribly around you!
You barely miss Sigmund.
Sigmund is moderately wounded.
Sigmund hits you with a +3 scythe of distortion.
You blink.
Okay, then.
It was a potion of cancellation.
You feel magically purged.
Sigmund says, "Look into my eyes."
You feel better.
Sigmund hits you from afar with a +3 scythe of distortion.
Space warps around you.
Sigmund hits you with a +3 scythe of distortion.
Space warps around you.
You hit Sigmund.
Sigmund is heavily wounded.
You hit Sigmund but do no damage.
Sigmund is heavily wounded.
Sigmund hits you with a +3 scythe of distortion.
Space warps horribly around you!!
Ouch! That really hurt!
You die...

####.#.# #.# ..###
#.#.## #.# #....
#.#..# #.# #####
########+##.###.#
.... #............
#.# .###
#..........#.##.#
#..........#..#.#
#..........##.#.# #
#.....@@...##...#.#
########.#####..#.#
#.......>†.# .
########.#######
.............##
#######.####.## #.#
#.## #.# #.##
#.####.##


You could see Sigmund.

Vanquished Creatures
  A dart slug (D:1)
  An endoplasm (D:1)
  2 giant cockroaches (D:2)
  A goblin (D:2)
  2 hobgoblins
  4 jackals (D:1)
  A kobold (D:1)
  A quokka (D:2)
  6 ball pythons
  4 bats
  2 frilled lizards
  A rat (D:1)
26 creatures vanquished.

Notes
Turn   | Place    | Note
-------+----------+-------------------------------------------
     0 | Abyss:1  | Gargoyl the Gnoll Abyssal Knight began the quest for the
                  | Orb.
     0 | Abyss:1  | Reached XP level 1. HP: 23/23 MP: 3/3
    35 | Abyss:2  | Noticed a large abomination
    51 | Abyss:2  | Noticed a smoke demon
    53 | D:1      | Escaped the Abyss
   163 | D:1      | Reached XP level 2. HP: 29/29 MP: 5/5
   398 | D:1      | Reached * piety under Lugonu
   410 | D:1      | Found a faded altar of an unknown god.
   842 | D:2      | Reached XP level 3. HP: 35/35 MP: 6/6
  1105 | D:2      | Noticed Sigmund
  1126 | D:2      | Mangled by Sigmund

Illustrated notes

Levels and vault maps discovered:
D:1:      ebering_trefoil_3fold, layout_loops_ring,
          hellmonk_ecumenical_altar_dog_temple
D:2:      layout_basic, uniq_sigmund

Action                   || total
-------------------------++-------
Melee: Hand axe          ||    78
       Bite              ||     2
Invok: Depart the Abyss  ||     1
  Use: Scroll            ||     2
       Potion            ||     3
Armor: Leather armour    ||     6
       Chain mail        ||    57
Dodge: Dodged            ||    55

Table legend: (Time is in decaauts)
 A = Elapsed time spent in this place.
 B = Non-inter-level travel time spent in this place.
 C = Inter-level travel time spent in this place.
 D = Time resting spent in this place.
 E = Time spent auto-exploring this place.
 F = Levels seen in this place.
 G = Mean time per level.
                   A        B        C        D        E       F      G
               +--------+--------+--------+--------+--------+-----+--------+
         Total |   1130 |   1089 |     41 |      0 |    786 |   4 |  282.5 |
       Dungeon |   1078 |   1037 |     41 |      0 |    765 |   2 |  539.0 |
         Abyss |     52 |     52 |      0 |      0 |     21 |   2 |   26.0 |
               +--------+--------+--------+--------+--------+-----+--------+

Top non-repeatable levels by time:
     D:1: 633 daAuts
     D:2: 444 daAuts
 Abyss:2: 38 daAuts
 Abyss:1: 14 daAuts
